 Dungeon Crawl Stone Soup version 0.26-a0-362-g1d9a9cd4fa (webtiles) character file.

Game seed: 14546301974603495903

3913 BritishOli the Skirmisher (level 10, -8/79 HPs)
             Began as a Demonspawn Gladiator on July 18, 2020.
             Was a Follower of Okawaru.
             Mangled by Gastronok (24 damage)
             ... on level 8 of the Dungeon.
             The game lasted 00:06:54 (9142 turns).

BritishOli the Skirmisher (Demonspawn Gladiator)    Turns: 9142, Time: 00:06:54

Health: -8/79      AC: 20    Str: 17    XL:     10   Next: 1%
Magic:  10/10      EV:  8    Int: 10    God:    Okawaru [*.....]
Gold:   365        SH:  0    Dex: 15    Spells: 9/9 levels left

rFire    + . .     SeeInvis .   a - +0 long sword
rCold    x . .     Faith    .   (no shield)
rNeg     + . .     Spirit   .   p - +0 plate armour
rPois    .         Reflect  .   c - +0 helmet
rElec    .         Harm     .   H - +2 cloak
rCorr    .                      (no gloves)
MR       .....                  o - +0 pair of boots
Stlth    ..........             I - amulet of the acrobat
HPRegen  0.23/turn              L - ring of positive energy
MPRegen  0.12/turn              q - ring of fire

@: no status effects
A: hooves 2, icy blue scales 1, spiny 3
a: Heroism, Renounce Religion


You were on level 8 of the Dungeon.
You worshipped Okawaru.
Okawaru was aware of your devotion.
You visited 2 branches of the dungeon, and saw 9 of its levels.

You collected 365 gold pieces.

Inventory:

Hand Weapons
 a - a +0 long sword (weapon)
Missiles
 d - 3 throwing nets (quivered)
Armour
 c - a +0 helmet (worn)
 n - a scarf of repulsion
 o - a +0 pair of boots (worn)
 p - a +0 plate armour (worn)
 A - a +0 scale mail
 H - a +2 cloak (worn)
Jewellery
 k - an uncursed ring of ice
 q - a ring of fire (right hand)
 w - an uncursed ring of wizardry
 I - an amulet of the acrobat (around neck)
 L - a ring of positive energy (left hand)
Wands
 B - a wand of polymorph (8)
 D - a wand of enslavement (5)
Scrolls
 f - 8 scrolls of teleportation
 i - 5 scrolls of remove curse
 t - a scroll of amnesia
 x - 4 scrolls of magic mapping
 y - 2 scrolls of enchant armour
 C - a scroll of fear
 G - 3 scrolls of fog
Potions
 b - a potion of brilliance {unknown}
 e - 3 potions of stabbing {unknown}
 h - 3 potions of curing
 j - a potion of resistance {unknown}
 l - 3 potions of heal wounds {unknown}
 r - 2 potions of lignification {unknown}
 s - 2 potions of degeneration {unknown}
 u - a potion of flight {unknown}
 v - 2 potions of magic {unknown}
 z - 2 potions of haste {unknown}
 M - a potion of ambrosia {unknown}


   Skills:
 + Level 7.5 Fighting
 + Level 7.2 Long Blades
 - Level 2.0 Throwing
 + Level 6.4 Armour
 + Level 7.1 Dodging


You had 9 spell levels left.
You didn't know any spells.
Your spell library was empty.

Dungeon Overview and Level Annotations

Branches:
Dungeon (8/15)             Temple (1/1) D:7
   Lair: D:8-11

Altars:
Ashenzari
Cheibriados
Dithmenos
Elyvilon
Fedhas
Gozag
Hepliaklqana
Kikubaaqudgha
Makhleb
Nemelex Xobeh
Okawaru
Qazlal
Ru
Trog
Uskayaw
Vehumet
Wu Jian
Xom
Yredelemnul
Zin
The Shining One

Annotations:
D:8 Gastronok


Innate Abilities, Weirdness & Mutations

You have hoof-like feet.
You are partially covered in icy blue scales. (AC +2)
You are completely covered in sharp spines.


Message History

You slash Gastronok!
Gastronok is severely wounded.
You hit Gastronok.
Gastronok is severely wounded.
Gastronok closely misses you.
You hit Gastronok but do no damage.
Gastronok is severely wounded.
You hit Gastronok.
Gastronok is severely wounded.
Gastronok bites you!
* * * LOW HITPOINT WARNING * * *
You slash Gastronok!
Gastronok is severely wounded.
Gastronok casts a spell.
You slash Gastronok!
Gastronok is almost dead.
You hit Gastronok.
Gastronok is almost dead.
Gastronok is no longer covered in acid.
Gastronok bites you!!
You die...

...........# #..#.....# #..
####...########..####..########..
##............# #............
############.# ##...#######.. #.#
#............. #.# #...>#########
#.###.#.## # #.#.....# #
#@#.....######## #
#.wbr...)....... .
###.....######## # #.....#
#######


You could see Gastronok, a bat (summoned) and a rat (summoned).

Vanquished Creatures
  Joseph (D:8)
  Grinder (D:5)
  Prince Ribbit (D:8)
  Sigmund (D:5)
  Menkaure (D:5)
  4 orc warriors
  A phantom (D:4)
  An ice beast (D:8)
  A black bear (D:8)
  3 necrophages (D:7)
  6 ogres
  A centaur (D:5)
  Blork the orc (D:6)
  5 bullfrogs
  4 scorpions
  A bullfrog zombie (D:8)
  4 orc priests
  4 hounds
  2 jellies
  5 orc wizards
  An iguana (D:5)
  4 worker ants
  A worker ant zombie (D:7)
  7 gnolls
  7 adders
  A shadow imp (D:5)
  A white imp (D:5)
  3 adder skeletons
  4 worms
  3 dart slugs
  7 leopard geckos
  21 orcs
  2 ball pythons
  11 bats
  A giant cockroach (D:1)
  8 goblins
  4 hobgoblins
  13 jackals
  8 kobolds
  6 quokkas
  2 frilled lizards
  2 jackal skeletons
  2 leopard gecko skeletons
  2 quokka skeletons
  5 rats
174 creatures vanquished.

Notes
Turn   | Place    | Note
-------+----------+-------------------------------------------
     0 | D:1      | BritishOli the Demonspawn Gladiator began the quest for the
                  | Orb.
     0 | D:1      | Reached XP level 1. HP: 16/16 MP: 1/1
   298 | D:1      | Gained mutation: You have large cloven feet. [demonic
                  | ancestry]
   298 | D:1      | Reached XP level 2. HP: 22/22 MP: 2/2
   759 | D:1      | Reached XP level 3. HP: 28/28 MP: 3/3
  1197 | D:2      | Found a hide-covered altar of Uskayaw.
  1608 | D:2      | Reached skill level 1 in Armour
  1775 | D:2      | Gained mutation: You are partially covered in sharp spines.
                  | [demonic ancestry]
  1775 | D:2      | Reached XP level 4. HP: 31/34 MP: 4/4
  2313 | D:2      | Found a shadowy altar of Dithmenos.
  2842 | D:3      | Reached XP level 5. HP: 36/41 MP: 5/5
  3552 | D:4      | Noticed a phantom
  3868 | D:4      | Killed a phantom
  3868 | D:4      | Gained mutation: You are mostly covered in sharp spines.
                  | [demonic ancestry]
  3868 | D:4      | Reached XP level 6. HP: 24/48 MP: 6/6
  4486 | D:4      | Found a bloodstained altar of Trog.
  4486 | D:4      | Found a shimmering altar of Xom.
  4673 | D:5      | Entered Level 5 of the Dungeon
  4679 | D:5      | Noticed Grinder
  4693 | D:5      | Killed Grinder
  4693 | D:5      | Reached XP level 7. HP: 55/55 MP: 7/7
  4995 | D:5      | Found a sparkling altar of Nemelex Xobeh.
  5072 | D:5      | Found a burning altar of Makhleb.
  5072 | D:5      | Noticed a balrug
  5159 | D:5      | Noticed Sigmund
  5168 | D:5      | Killed Sigmund
  5297 | D:5      | Reached skill level 5 in Long Blades
  5326 | D:5      | Reached skill level 5 in Dodging
  5326 | D:5      | Gained mutation: You are partially covered in icy blue
                  | scales. (AC +2) [demonic ancestry]
  5326 | D:5      | Reached XP level 8. HP: 61/61 MP: 8/8
  5334 | D:5      | Reached skill level 5 in Fighting
  5368 | D:5      | Noticed Menkaure
  5376 | D:5      | Killed Menkaure
  6176 | D:6      | Noticed Blork the orc
  6185 | D:6      | Killed Blork the orc
  6251 | D:6      | Reached skill level 5 in Armour
  6948 | D:7      | Gained mutation: You are completely covered in sharp
                  | spines. [demonic ancestry]
  6948 | D:7      | Reached XP level 9. HP: 69/69 MP: 9/9
  7024 | D:7      | Found a white marble altar of Elyvilon.
  7080 | D:7      | Found a blossoming altar of Fedhas.
  7365 | D:7      | Found a staircase to the Ecumenical Temple.
  7516 | Temple   | Entered the Ecumenical Temple
  7656 | Temple   | Became a worshipper of Warmaster Okawaru
  7727 | D:8      | Noticed Joseph
  7745 | D:8      | Killed Joseph
  8249 | D:8      | Noticed Gastronok
  8254 | D:8      | Reached * piety under Okawaru
  8614 | D:8      | Noticed Prince Ribbit
  8635 | D:8      | Killed Prince Ribbit
  9000 | D:8      | Gained mutation: You have hoof-like feet. [demonic
                  | ancestry]
  9000 | D:8      | Reached XP level 10. HP: 79/79 MP: 10/10
  9142 | D:8      | Mangled by Gastronok

Illustrated notes

Levels and vault maps discovered:
D:1:      lordsloth_arrival_two_stooges, layout_basic
D:2:      layout_basic, eat_drink_and_be_merry_uskayaw,
          nicolae_overflow_hidden_temple
D:3:      layout_loops_ring
D:4:      layout_basic, gammafunk_temple_overflow_elements, chequers_garden
D:5:      layout_loops_cross, kennysheep_mini_moat, makhleb_altar_promises_db,
          uniq_sigmund, uniq_menkaure, uniq_grinder
D:6:      layout_cave_pods, chequers_serial_rivers_small_3, uniq_blork_the_orc
D:7:      layout_rooms, elyvilon_altar_4, fedhas_ov_isle_minmay,
          minmay_temple_entry_poolview, serial_undead, serial_undead_f,
          serial_undead_f, serial_undead_c, serial_undead_e,
          chequers_serial_rivers_micro_a
D:8:      layout_loops_ring, uniq_prince_ribbit1, uniq_gastronok, uniq_joseph
Temple:   dshaligram_water_room_temple

Skill      XL: |  1  2  3  4  5  6  7  8  9 |
---------------+----------------------------+-----
Throwing       | 2 |  2.0
Dodging        | 3 4 5 6 7 |  7.1
Long Blades    | 3 4 5 6 7 |  7.2
Armour         | 1 2 3 5 6 |  6.4
Fighting       | 3 4 6 7 |  7.5

Action                   |  1- 3 |  4- 6 |  7- 9 | 10-12 || total
-------------------------+-------+-------+-------+-------++-------
Melee: Long sword        |   104 |   133 |   282 |    19 ||   538
       Kick              |    20 |     4 |       |       ||    24
Evoke: Wand              |       |       |       |     4 ||     4
  Use: Scroll            |       |       |    12 |       ||    12
 Stab: Sleeping          |     1 |       |       |       ||     1
Armor: Leather armour    |    33 |    33 |       |       ||    66
       Scale mail        |       |       |    40 |       ||    40
       Plate armour      |       |       |   109 |     3 ||   112
Dodge: Dodged            |    91 |    90 |   121 |     4 ||   306
       Repelled          |       |       |     3 |       ||     3
       Rpst.: Long sword |    31 |    29 |    35 |     1 ||    96

Table legend:
 A = Non-vault XP
 B = Vault XP
 C = Vault XP percentage of total XP
 D = Non-vault monster count
 E = Vault monster count
 F = Vault count percentage of total count
                 A         B        C        D         E       F
            +---------+---------+-------+---------+---------+-------
      Total |    3894 |    1697 |  30.4 |     166 |       8 |   4.6
            +---------+---------+-------+---------+---------+-------
        D:1 |      46 |       0 |   0.0 |      26 |       0 |   0.0
        D:2 |      87 |       0 |   0.0 |      31 |       0 |   0.0
        D:3 |      85 |       0 |   0.0 |      20 |       0 |   0.0
        D:4 |     429 |       0 |   0.0 |      15 |       0 |   0.0
        D:5 |     432 |     648 |  60.0 |      12 |       3 |  20.0
        D:6 |     933 |      99 |   9.6 |      23 |       1 |   4.2
        D:7 |     553 |     239 |  30.2 |      18 |       2 |  10.0
        D:8 |    1329 |     711 |  34.9 |      21 |       2 |   8.7
            +---------+---------+-------+---------+---------+-------
